 Dungeon Crawl Stone Soup version 0.19-a0-1127-gac58878 (webtiles) character file.

444 epen the Ducker (level 6, -2/28 HPs)
             Began as a Felid Monk on Aug 12, 2016.
             Was a Believer of Sif Muna.
             Killed by divine providence
             ... invoked by an orc priest
              (15 damage)
             ... on level 5 of the Dungeon.
             The game lasted 00:06:09 (4869 turns).

epen the Ducker (Felid Monk)                        Turns: 4869, Time: 00:06:09

Health: -2/28      AC:  2    Str:  7    XL:     6   Next: 72%
Magic:  9/9        EV: 22    Int: 15    God:    Sif Muna [**....]
Gold:   200        SH:  0    Dex: 19    Spells: 0 memorised, 8 levels left
                                        Lives:  0   Deaths: 1

rFire  . . .     SeeInvis +       - Unarmed
rCold  + . .     Gourm    .     (armour unavailable)
rNeg   . . .     Faith    .     (shield unavailable)
rPois  +         Spirit   .     (helmet unavailable)
rElec  .         Dismiss  .     (cloak unavailable)
rCorr  .         Reflect  .     (gloves unavailable)
SustAt .         Harm     .     (boots unavailable)
MR     .....                    (no amulet)
Stlth  ++++......               s - ring of Paofrip {Wiz rPois Int+2}
                                c - ring of protection from cold

@: quick
A: no armour, no weapons or thrown items, claws 1, fangs 3, see invisible,
carnivore 3, speed 1, shaggy fur 2, slow metabolism 1, sharp paws
a: Divine Energy, Renounce Religion


You were on level 5 of the Dungeon.
You worshipped Sif Muna.
Sif Muna was pleased with you.
You were very full.

You visited 1 branch of the dungeon, and saw 5 of its levels.

You collected 200 gold pieces.

Inventory:

Jewellery
 c - a ring of protection from cold (left paw)
 s - the ring of Paofrip (right paw) {Wiz rPois Int+2}
   (You found it on level 4 of the Dungeon)

   [ring of wizardry]

   It improves your spell success rate.
   It affects your intelligence (+2).
   It protects you from poison.
 u - an uncursed ring of flight {unknown}
Wands
 e - a wand of iceblast (1/15)
 h - a wand of digging (12/24)
 q - a wand of random effects (15/48)
 t - a wand of flame (27/48)
Scrolls
 b - 2 scrolls of blinking {unknown}
 d - 2 scrolls of enchant weapon {unknown}
 k - 3 scrolls of identify {unknown}
 m - a scroll of fog {unknown}
 p - a scroll of recharging {unknown}
 w - a scroll of remove curse {unknown}
Potions
 f - a potion of ambrosia {unknown}
 g - 2 potions of berserk rage {unknown}
 i - a potion of magic {unknown}
 j - a potion of heal wounds {unknown}
 l - a potion of flight {unknown}
 o - 2 potions of curing {unknown}
 r - 2 potions of cancellation {unknown}
 v - a potion of agility {unknown}
Comestibles
 a - 3 meat rations
 n - a slice of pizza


   Skills:
 + Level 4.2 Fighting
 + Level 5.7 Dodging
 + Level 5.2 Stealth
 + Level 4.2 Unarmed Combat
 + Level 1.8 Spellcasting
 * Level 3.2 Invocations


You had 8 spell levels left.
You didn't know any spells.

Dungeon Overview and Level Annotations

Branches:
Dungeon (5/15)
 Temple: D:4-7

Altars:
Fedhas
Sif Muna

Annotations:
D:4 Pikel


Innate Abilities, Weirdness & Mutations

You cannot wear armour.
You are incapable of wielding weapons or throwing items.
You have sharp claws.
You have razor-sharp teeth.
You have supernaturally acute eyesight. (SInv)
You are carnivorous and can eat meat at any time.
You cover ground quickly.
You are covered in thick fur. (AC +2)
You have a slow metabolism.
Your sharp claws are effective at attacking unaware monsters.


Message History

The orc priest is heavily wounded.
The orc priest closely misses you.
You barely miss the orc priest.
The orc priest is heavily wounded.
The orc priest invokes the aid of Beogh against you.
Pain shoots through your body! The orc barely misses you.
A worker ant zombie comes into view.
You scratch the orc priest but do no damage.
Your claw misses the orc priest.
The orc priest is heavily wounded.
The orc priest closely misses you. The orc hits you with a whip.
The orc closely misses you.
An orc comes into view.
You scratch the orc but do no damage.
The orc priest casts a cantrip, but nothing happens.
The orc closely misses you.
The orc priest invokes the aid of Beogh against you.
Beogh smites you!
Ouch! That really hurt!
You die...

.. ... #. ... #.# #.
#.####.#
####.#####......#
................####
####................#
#..o...o.....##..##.##
#.#.##Z..o.........##.#.
.......@.o..............
....###.##########..##..
#.. ..#.. .............
#.# #.#### #######.#.#..
#......##)# #.# ..
........... #......##.#
#.###.# #.#.#..#.#
#......##.###.....# #
#.......
#......##......####
#.#.#..(.#
##......##..###.####
#........#


You could see an orc priest, 3 orcs and a worker ant zombie.

Vanquished Creatures
  Sigmund (D:3)
  A sky beast (D:5)
  Jessica (D:3)
  2 worker ants (D:4)
  3 gnolls (D:3)
  2 river rats (D:3)
  7 adders
  An ooze (D:4)
  5 worms
  2 dart slugs (D:2)
  4 giant geckos
  10 orcs
  6 giant cockroaches
  8 goblins
  3 hobgoblins
  6 jackals
  7 kobolds
  A ball python (D:2)
  5 bats
  5 giant newts
  10 rats
90 creatures vanquished.

Notes
Turn   | Place    | Note
-------+----------+-------------------------------------------
     0 | D:1      | epen the Felid Monk began the quest for the Orb.
     0 | D:1      | Reached XP level 1. HP: 10/10 MP: 2/2
   615 | D:1      | Reached XP level 2. HP: 13/14 MP: 3/3
   953 | D:2      | Reached XP level 3. HP: 16/17 MP: 4/4
  1940 | D:2      | Found a deep blue altar of Sif Muna.
  1975 | D:2      | Became a worshipper of Sif Muna the Loreminder
  1975 | D:2      | Reached * piety under Sif Muna
  1975 | D:2      | Reached ** piety under Sif Muna
  2069 | D:2      | Reached XP level 4. HP: 21/21 MP: 5/5
  2425 | D:3      | Found a blossoming altar of Fedhas.
  2431 | D:3      | Reached skill level 1 in Invocations
  2435 | D:3      | Noticed Jessica
  2476 | D:3      | Killed Jessica
  2712 | D:3      | Noticed Sigmund
  2900 | D:3      | Reached XP level 5. HP: 23/24 MP: 7/7
  3160 | D:3      | Slain by a river rat
  3161 | D:3      | Reached XP level 4. HP: -1/22 MP: 6/6
  3211 | D:3      | Killed Sigmund
  3211 | D:3      | Reached skill level 5 in Dodging
  3211 | D:3      | Reached skill level 1 in Spellcasting
  3211 | D:3      | Reached XP level 5. HP: 16/25 MP: 6/8
  3683 | D:4      | Noticed Pikel
  3684 | D:4      | Noticed a slave
  3684 | D:4      | Noticed a slave
  3684 | D:4      | Noticed a slave
  3687 | D:4      | Noticed a slave
  3730 | D:4      | Gained mutation: You are covered in thick fur. (AC +2) [Felid growth]
  3730 | D:4      | Reached XP level 6. HP: 28/28 MP: 9/9
  3734 | D:4      | Got a slimy brass ring
  3750 | D:3      | Identified the ring of Paofrip {Wiz rPois Int+2} (You found it on level 4 of the Dungeon)
  4262 | D:4      | Reached skill level 5 in Stealth
  4315 | D:5      | Entered Level 5 of the Dungeon
  4316 | D:5      | Noticed a sky beast
  4328 | D:5      | Killed a sky beast
  4869 | D:5      | Killed from afar by an orc priest

Vault maps used:
D:1:      tarquinn_simple_flora_water_b, minmay_misc_feat_encased,
          minmay_cut_off
D:2:      first_bread, led_sif_pool
D:3:      gup_sewer_entry_spiral, fedhas_altar_3, uniq_sigmund, uniq_jessica
D:4:      uniq_pikel
D:5:      uniq_eustachio, uniq_crazy_yiuf_cottage

Skill      XL: |  1  2  3  4  5  6 |
---------------+-------------------+-----
Stealth        | 3 4 5 |  5.2
Invocations    | 2 3 |  3.2
Fighting       | 4 |  4.2
Dodging        | 5 |  5.7
Unarmed Combat | 4 |  4.2
Spellcasting   | 1 |  1.8

Action                   |  1- 3 |  4- 6 || total
-------------------------+-------+-------++-------
Melee: Unarmed           |    99 |   195 ||   294
       Bite              |    14 |    18 ||    32
       Punch             |       |     3 ||     3
Evoke: Wand              |     3 |       ||     3
 Stab: Sleeping          |    10 |    10 ||    20
       Distracted        |       |     6 ||     6
  Eat: Chunk             |     2 |    17 ||    19
Armor: Skin              |     9 |     5 ||    14
Dodge: Dodged            |    78 |   152 ||   230
